 Dungeon Crawl Stone Soup version 0.29-a0-360-g8ed1089bbe (webtiles) character file.

Game seed: 9133163944046784969

12557 spaghetti the Nimble (level 11, 0/81 HPs)
             Began as a Demonspawn Berserker on Apr 28, 2022.
             Was a Priest of Trog.
             Slain by a yak (7 damage)
             ... on level 11 of the Dungeon on Apr 29, 2022.
             The game lasted 00:25:48 (13792 turns).

spaghetti the Nimble (Demonspawn Berserker)        Turns: 13792, Time: 00:25:49

Health: 0/81       AC: 21    Str: 17 (18) XL:     11   Next: 64%
Magic:  11/11      EV: 12    Int: 13 (14) God:    Trog [***...]
Gold:   311        SH:  0    Dex: 15 (17) Spells: 10/10 levels left

rFire   + + .      SeeInvis +     - Unarmed
rCold   . . .      Faith    .   (no shield)
rNeg    . . .      Spirit   .   j - +1 chain mail {rF+}
rPois   .          Reflect  .   (helmet unavailable)
rElec   .          Harm     .   y - +1 cloak
rCorr   .          Rampage  .   B - +0 pair of gloves
Will    ++++.                   g - +2 pair of boots
Stlth   ..........              x - amulet of magic regeneration {@e2}
HPRegen 1.23/turn               k - ring of willpower
MPRegen 0.52/turn               z - +6 ring of intelligence

@: strong-willed, on berserk cooldown, regenerating, slowed, invisible, very
slow
A: antennae 3, spiny 1, sturdy frame 1, fire resistance 1, strong-willed 1,
shaggy fur 1
a: Renounce Religion, Berserk, Trog's Hand


You were on level 11 of the Dungeon.
You worshipped Trog.
Trog was most pleased with you.
You visited 1 branch of the dungeon, and saw 11 of its levels.

You collected 586 gold pieces.
You spent 275 gold pieces at shops.


Innate Abilities, Weirdness & Mutations

You have a pair of large antennae on your head. (SInv)
You are partially covered in sharp spines.
Your movements are slightly less encumbered by armour. (ER -2)
Your flesh is heat resistant. (rF+)
You are strong-willed. (Will+)
You are covered in fur. (AC +1)


   Skills:
 + Level 6.0 Fighting
 + Level 10.1 Armour
 * Level 10.1 Dodging
 + Level 7.7 Unarmed Combat
 * Level 5.7 Evocations


You had 10 spell levels left.
You didn't know any spells.
Your spell library contained the following spells:

 Spells                   Type           Power      Damage    Failure   Level
 Freeze                   Ice            0%         1d3       86%         1
 Slow                     Hex            0%         N/A       86%         1
 Sting                    Tmut/Pois      0%         1d3       86%         1
 Corpse Rot               Necr/Air       0%         N/A       94%         2
 Poisonous Vapours        Pois/Air       0%         N/A       94%         2
 Confusing Touch          Hex            0%         N/A       99%         3
 Dazzling Flash           Conj/Hex       0%         N/A       99%         3
 Frozen Ramparts          Ice            0%         1d2       99%         3
 Inner Flame              Hex/Fire       0%         N/A       99%         3
 Vampiric Draining        Necr           0%         2d6       99%         3
 Cause Fear               Hex            0%         N/A       100%        4
 Hailstorm                Conj/Ice       0%         3d3       100%        4
 Iskenderun's Mystic Bla  Conj/Tloc      0%         2d3       100%        4
 Olgreb's Toxic Radiance  Pois           0%         N/A       100%        4
 Agony                    Necr           0%         N/A       100%        5
 Silence                  Hex/Air        0%         N/A       100%        5
 Starburst                Conj/Fire      0%         6d3       100%        6
 Discord                  Hex            0%         N/A       100%        8

Inventory:

Hand Weapons
 b - a +0 dagger {short}
   (You took it off a kobold on level 1 of the Dungeon)
Missiles
 e - 87 stones (quivered) {throwing}
 i - 22 poisoned darts {throwing}
 p - 5 atropa-tipped darts {throwing}
 t - 4 curare-tipped darts {=fthrowing}
 G - 2 silver javelins {throwing}
 L - 2 silver boomerangs {throwing}
Armour
 a - a +0 animal skin
 g - a +2 pair of boots (worn)
   (You found it on level 1 of the Dungeon)
 h - a scarf of shadows
   (You found it on level 1 of the Dungeon)
 j - a +1 chain mail of fire resistance (worn)
   (You took it off Terence on level 3 of the Dungeon)
 m - the +1 robe of Sothitaz {rPois rN+ Regen+}
   (You found it on level 11 of the Dungeon)

   rPois:     It protects you from poison.
   rN:        It protects you from negative energy.
   Regen:     It increases your rate of health regeneration.
 y - a +1 cloak (worn)
   (You bought it in a shop on level 2 of the Dungeon)
 B - a +0 pair of gloves (worn)
   (You found it on level 6 of the Dungeon)
 C - the +1 hat of the Neverending Mouths {Drain +Inv rPois Will++}
   (You found it on level 8 of the Dungeon)

   rPois:     It protects you from poison.
   +Inv:      It lets you turn invisible.
   Drain:     It drains your maximum health when unequipped.
   Will:      It greatly increases your willpower.
Jewellery
 k - a ring of willpower (left hand)
   (You found it on level 2 of the Dungeon)
 x - an amulet of magic regeneration (around neck) {@e2}
   (You found it on level 4 of the Dungeon)
 z - a +6 ring of intelligence (right hand)
   (You found it on level 6 of the Dungeon)
 A - a ring of resist corrosion
   (You found it on level 6 of the Dungeon)
Wands
 l - a wand of flame (21)
   (You took it off Ijyb on level 5 of the Dungeon)
 r - a wand of iceblast (2)
   (You took it off a hobgoblin on level 3 of the Dungeon)
Scrolls
 c - 2 scrolls of immolation {!r!r}
 d - 2 scrolls of identify {@r1}
 q - a scroll of noise {!r}
 s - 7 scrolls of enchant weapon
 v - 5 scrolls of teleportation {@r4}
 E - a scroll of holy word {!r}
 N - a scroll of silence {!r}
Potions
 f - 2 potions of mutation {!q}
 n - 2 potions of invisibility
 o - 3 potions of degeneration {!q@e2}
 F - 2 potions of magic {unknown}
 H - 3 potions of lignification {unknown}
 I - a potion of cancellation {unknown}
 J - a potion of attraction {unknown}
 K - 2 potions of flight {unknown}
 M - 2 potions of curing {@q1}

Dungeon Overview and Level Annotations

Branches:
Dungeon (11/15)            Temple (0/1) D:5            Lair (0/6) D:9
    Orc (0/2) D:9

Altars:
Cheibriados
Elyvilon
Kikubaaqudgha
Makhleb
Ru
The Shining One
Beogh

Shops:
D:2 [   D:3 *   D:5 !

Annotations:
D:9 2 transporters, kevlar127's ghost, journeyman TrBe

.....### ....... ...
..... ... #.... ..
#...#.. #..c#.# { {
#s#.# #Yโ€ .#
#####@..#### #######
###..........#
....)#
#..<.##......#
######
#....###...?.#
...#.# {#....#
........ . ####.#
###..# #..####... .#
#.# #.#..###.## ...
## #.##
#....#...###.....?
####..#
{#......รท..........


You could see a wolf spider (can't see you), a centaur warrior (can't see you)
and a yak (can't see you).


Message History

Trog accepts your kill.
You feel your strength returning. ๐Ÿ˜จ HP[+1]
You barely miss the vampire mosquito.
The centaur warrior wields a +0 longbow.
The centaur warrior shoots an arrow.
The arrow barely misses you.
The vampire mosquito bites you but does no damage. ๐Ÿ˜จ HP[+1]
A red film seems to cover your vision as you go berserk!
You feel yourself moving faster!
You feel mighty!
The vampire mosquito bites you but does no damage. x3
The vampire mosquito bites you.
* * * LOW HITPOINT WARNING * * *
The vampire mosquito draws strength from your injuries! ๐Ÿ˜จ HP[+13]
You now have 121 max hp (+40).
You regained 13 hp, and now have 47/121 hp.
You punch the vampire mosquito!
The vampire mosquito bites you but does no damage. x2 ๐Ÿ˜จ HP[+1]
You punch the vampire mosquito!
The vampire mosquito is struck by your spines.
The vampire mosquito bites you but does no damage.
The vampire mosquito is struck by your spines.
The vampire mosquito bites you!
* * * LOW HITPOINT WARNING * * *
The vampire mosquito draws strength from your injuries! ๐Ÿ˜จ HP[-8]
You take 8 damage, and now have 40/121 hp.
You miss the vampire mosquito.
The vampire mosquito is struck by your spines.
You destroy the vampire mosquito!
Trog accepts your kill.
The vampire mosquito bites you but does no damage. ๐Ÿ˜จ HP[+1]
You punch the vampire mosquito!
The vampire mosquito is struck by your spines.
The vampire mosquito barely misses you.
The vampire mosquito is struck by your spines.
The vampire mosquito barely misses you. ๐Ÿ˜จ HP[+1]
You punch the vampire mosquito!
You destroy the vampire mosquito!
Trog accepts your kill.
The centaur warrior shoots an arrow.
The arrow hits you!!
* * * LOW HITPOINT WARNING * * *
๐Ÿ˜ฑ HP[-20]
You take 20 damage, and now have 22/121 hp.
The yak is struck by your spines. The yak misses you.
A wolf spider comes into view.
The centaur warrior unwields a +0 longbow.
The centaur warrior hits you but does no damage.
The centaur warrior closely misses you.
You barely miss the centaur warrior.
The centaur warrior hits you but does no damage.
The centaur warrior barely misses you. The yak closely misses you. ๐Ÿ˜ฑ HP[+1]
You completely miss the centaur warrior.
The centaur warrior hits you.
* * * LOW HITPOINT WARNING * * *
The centaur warrior closely misses you. ๐Ÿ˜ฑ HP[-3]
You take 3 damage, and now have 20/121 hp.
You punch the centaur warrior! Your punch misses the centaur warrior.
The yak is struck by your spines. The yak barely misses you. ๐Ÿ˜ฑ HP[+1]
You barely miss the centaur warrior. The centaur warrior hits you!
* * * LOW HITPOINT WARNING * * *
The centaur warrior kicks you but does no damage. ๐Ÿ˜ฑ HP[-9]
You take 9 damage, and now have 12/121 hp.
You are too berserk!
You barely miss the centaur warrior. The centaur warrior hits you.
* * * LOW HITPOINT WARNING * * *
The centaur warrior kicks you but does no damage.
The yak is struck by your spines.
The yak gores you but does no damage. ๐Ÿ˜ฑ HP[-2]
You take 2 damage, and now have 10/121 hp.
The centaur warrior attacks as you move away!
The centaur warrior hits you.
* * * LOW HITPOINT WARNING * * *
The centaur warrior barely misses you.
The centaur warrior wields a +0 longbow.
The centaur warrior shoots an arrow.
The arrow hits you.
* * * LOW HITPOINT WARNING * * *
๐Ÿ˜ฑ HP[-3]
You take 3 damage, and now have 7/121 hp.
You are too berserk!
You feel a strong urge to attack something.
You are no longer berserk.
You are exhausted.
You feel yourself slow down. ๐Ÿ˜ฑ HP[-2]
You now have 81 max hp (-40).
Okay, then.
Okay, then.
You fade into invisibility!
The centaur warrior shoots an arrow.
The arrow hits the wolf spider!
The yak gores you!
You die...

Skill      XL: |  1  2  3  4  5  6  7  8  9 10 11 |
---------------+----------------------------------+-----
Unarmed Combat | 3 4 5 6 7 |  7.7
Armour         | 2 3 4 5 7 8 9 10 | 10.1
Dodging        | 2 3 4 5 7 8 9 10 | 10.1
Fighting       | 4 5 6 |  6.0
Evocations     | 3 5 |  5.7

Action                   |  1- 3 |  4- 6 |  7- 9 | 10-12 || total
-------------------------+-------+-------+-------+-------++-------
Melee: Unarmed           |   111 |   171 |   326 |   453 ||  1061
       Punch             |     1 |     7 |    15 |    22 ||    45
Throw: Stone             |     4 |    21 |    14 |    11 ||    50
       Dart              |       |     2 |       |       ||     2
Invok: Berserk           |     4 |     9 |    11 |     9 ||    33
       Trog's Hand       |       |       |     4 |     6 ||    10
Evoke: Wand              |       |       |       |     1 ||     1
  Use: Scroll            |       |     1 |     9 |     8 ||    18
       Potion            |       |       |     1 |     8 ||     9
 Stab: Sleeping          |       |     2 |       |       ||     2
Armor: Animal skin       |    27 |    29 |    31 |       ||    87
       Chain mail        |       |       |   119 |   189 ||   308
       Robe              |       |       |       |     5 ||     5
Dodge: Dodged            |    85 |   111 |   216 |   250 ||   662

Levels and vault maps discovered:
D:1:      lightli_arrival_statuegarden, layout_basic
D:2:      layout_basic, serial_shops, nicolae_shop_behind_doors,
          grunt_ministairs_10
D:3:      layout_basic, serial_shops, shop, gup_sewer_entry_bowl, uniq_terence
D:4:      layout_rooms, mainiacjoe_overflow_chevrons,
          nicolae_ru_sacrificial_ziggurat
D:5:      layout_cave_pods, minmay_temple_entry_junction_2, serial_shops, shop,
          minmay_misc_feat_encased, uniq_ijyb
D:6:      nicolae_cairo_tiling_very_big, layout_loops_ring,
          minmay_misc_feat_tiny, uniq_pikel
D:7:      layout_loops_cross, kennysheep_generic_room_14
D:8:      layout_basic, kennysheep_donut, the_hattery
D:9:      layout_rooms, david_lair_generic, david_orc_5, gammafunk_ghost_arena,
          hangedman_decor_push, dk_vineyard_3
D:10:     layout_loops_ring, mainiacjoe_overflow_boulevard, minitemple,
          elyvilon_altar_5, enter_bailey_2, uniq_gastronok
D:11:     minmay_chopped_fan, layout_cave_pools, minivault_24,
          minmay_misc_feat_rows, eino_tiny_chamber, serial_nicolae_subway,
          nicolae_sub_station_crystal, nicolae_sub_station_metal,
          nicolae_sub_station_stone

Notes
Turn   | Place    | Note
-------+----------+-------------------------------------------
     0 | D:1      | spaghetti the Demonspawn Berserker began the quest for the
                  | Orb.
     0 | D:1      | Reached XP level 1. HP: 18/18 MP: 1/1
     0 | D:1      | magus.rc [v1.9.6]
   242 | D:1      | Reached skill level 3 in Unarmed Combat
   333 | D:1      | Gained mutation: Your movements are slightly less
                  | encumbered by armour. (ER -2) [demonic ancestry]
   333 | D:1      | Reached XP level 2. HP: 24/24 MP: 2/2
   774 | D:1      | Reached skill level 2 in Armour
   774 | D:1      | Reached skill level 2 in Dodging
   972 | D:1      | Reached XP level 3. HP: 21/29 MP: 3/3
  1609 | D:2      | Reached XP level 4. HP: 35/35 MP: 4/4
  2127 | D:2      | Found Giepp's Antique Armour Shoppe.
  2345 | D:2      | Reached skill level 3 in Armour
  2345 | D:2      | Reached skill level 3 in Dodging
  2453 | D:2      | Reached ** piety under Trog
  2996 | D:3      | Noticed Terence
  3008 | D:3      | Killed Terence
  3009 | D:3      | Gained mutation: You have a pair of small antennae on your
                  | head. [demonic ancestry]
  3009 | D:3      | Reached XP level 5. HP: 31/41 MP: 5/5
  3543 | D:3      | Found Uphipes's General Store.
  3551 | D:3      | Bought a scroll of enchant weapon for 75 gold pieces
  3551 | D:3      | Bought a scroll of identify for 20 gold pieces
  3641 | D:3      | Reached skill level 4 in Unarmed Combat
  3824 | D:3      | You pick up a book of the Senses {forbidden} and begin
                  | reading...
  3824 | D:3      | You add the spells Dazzling Flash, Agony and Silence to
                  | your library.
  4232 | D:4      | Noticed an ogre
  4232 | D:4      | Noticed an ogre
  4240 | D:3      | Killed an ogre
  4241 | D:3      | Reached XP level 6. HP: 47/47 MP: 6/6
  4293 | D:3      | Reached skill level 4 in Armour
  4293 | D:3      | Reached skill level 4 in Dodging
  4438 | D:4      | Found a snail-covered altar of Cheibriados.
  4470 | D:4      | HP: 11/47 [orc/+0 flail (6)]
  4485 | D:4      | Reached XP level 7. HP: 22/52 MP: 7/7
  4786 | D:4      | Found a sacrificial altar of Ru.
  5116 | D:4      | Reached skill level 5 in Armour
  5277 | D:4      | Reached skill level 5 in Dodging
  5386 | D:4      | You pick up a book of Vapours {forbidden} and begin
                  | reading...
  5386 | D:4      | You add the spells Poisonous Vapours and Corpse Rot to your
                  | library.
  5594 | D:5      | Entered Level 5 of the Dungeon
  5614 | D:5      | Gained mutation: You are partially covered in sharp spines.
                  | [demonic ancestry]
  5614 | D:5      | Reached XP level 8. HP: 55/58 MP: 8/8
  5721 | D:5      | You pick up a book of Spectacle {forbidden} and begin
                  | reading...
  5721 | D:5      | You add the spells Iskenderun's Mystic Blast and Starburst
                  | to your library.
  5733 | D:5      | Reached skill level 5 in Unarmed Combat
  5942 | D:5      | Found Raubbufug's Distillery.
  6094 | D:5      | Reached skill level 6 in Armour
  6094 | D:5      | Reached skill level 6 in Dodging
  6097 | D:5      | HP: 14/58 [poisoned by a water moccasin]
  6102 | D:5      | HP: 8/58 [poisoned by a water moccasin]
  6457 | D:5      | Reached skill level 7 in Armour
  6457 | D:5      | Reached skill level 7 in Dodging
  6457 | D:5      | Reached XP level 9. HP: 31/63 MP: 9/9
  6638 | D:5      | Found a staircase to the Ecumenical Temple.
  6638 | D:5      | Noticed Ijyb
  6650 | D:5      | Killed Ijyb
  6983 | D:5      | Reached skill level 6 in Unarmed Combat
  7788 | D:2      | Bought a glowing cloak for 180 gold pieces
  8041 | D:6      | Gained mutation: Your flesh is heat resistant. (rF+)
                  | [potion of mutation]
  8041 | D:6      | Gained mutation: You are covered in fur. (AC +1) [potion of
                  | mutation]
  8041 | D:6      | Gained mutation: You are strong-willed. (Will+) [potion of
                  | mutation]
  8197 | D:6      | Noticed Pikel
  8215 | D:6      | Killed Pikel
  8348 | D:6      | You pick up a book of Debilitation {forbidden} and begin
                  | reading...
  8348 | D:6      | You add the spells Slow, Vampiric Draining and Confusing
                  | Touch to your library.
  8853 | D:7      | Reached skill level 8 in Armour
  8857 | D:7      | Reached skill level 8 in Dodging
  8926 | D:7      | Reached skill level 4 in Fighting
  9227 | D:7      | Gained mutation: You have a pair of antennae on your head.
                  | [demonic ancestry]
  9227 | D:7      | Reached XP level 10. HP: 64/72 MP: 10/10
  9755 | D:8      | Reached *** piety under Trog
 10029 | D:8      | Identified the +1 hat of the Neverending Mouths {Drain +Inv
                  | rPois Will++}
 10531 | D:8      | magus.rc [v1.9.6]
 10633 | D:8      | Reached skill level 1 in Evocations
 10635 | D:8      | You pick up a book of Frost {forbidden} and begin
                  | reading...
 10635 | D:8      | You add the spells Freeze, Frozen Ramparts and Hailstorm to
                  | your library.
 10880 | D:9      | You pick up a book of Hexes {forbidden} and begin
                  | reading...
 10880 | D:9      | You add the spells Inner Flame, Cause Fear and Discord to
                  | your library.
 10967 | D:9      | Found a staircase to the Lair.
 10996 | D:9      | Reached skill level 2 in Evocations
 11085 | D:9      | Reached skill level 7 in Unarmed Combat
 11091 | D:9      | Found a staircase to the Orcish Mines.
 11106 | D:9      | Reached skill level 9 in Armour
 11106 | D:9      | Reached skill level 9 in Dodging
 11475 | D:9      | Noticed a brown ugly thing
 11476 | D:9      | Found a transporter.
 11478 | D:9      | Noticed a sphinx
 11480 | D:9      | Noticed kevlar127's ghost (journeyman TrBe)
 11488 | D:9      | Found a transporter.
 11501 | D:9      | Reached skill level 5 in Fighting
 11503 | D:9      | Reached skill level 3 in Evocations
 11662 | D:10     | Entered Level 10 of the Dungeon
 11765 | D:10     | Reached **** piety under Trog
 11981 | D:10     | Gained mutation: You have a pair of large antennae on your
                  | head. (SInv) [demonic ancestry]
 11981 | D:10     | Reached XP level 11. HP: 32/63 MP: 11/11
 12038 | D:10     | You add the spells Sting and Olgreb's Toxic Radiance to
                  | your library.
 12081 | D:10     | Noticed Gastronok
 12102 | D:10     | HP: 10/63 [Gastronok (21)]
 12105 | D:10     | Killed Gastronok
 12106 | D:10     | Reached skill level 4 in Evocations
 12719 | D:10     | Found a burning altar of Makhleb.
 12723 | D:10     | Found an ancient bone altar of Kikubaaqudgha.
 13037 | D:11     | Reached skill level 5 in Evocations
 13131 | D:11     | Noticed a boulder beetle
 13159 | D:11     | Paralysed by a hornet for 2 turns
 13204 | D:11     | Killed a boulder beetle
 13284 | D:11     | Identified the +1 robe of Sothitaz {rPois rN+ Regen+}
 13349 | D:11     | Reached skill level 10 in Armour
 13376 | D:11     | Reached skill level 10 in Dodging
 13763 | D:11     | Noticed a centaur warrior
 13765 | D:11     | Reached skill level 6 in Fighting
 13783 | D:11     | HP: 22/121 [centaur warrior/arrow (21)]
 13784 | D:11     | Noticed a wolf spider
 13788 | D:11     | HP: 12/121 [centaur warrior (10)]
 13792 | D:11     | Slain by a yak

Vanquished Creatures
  Gastronok (D:10)
  A boulder beetle (D:11)
  Pikel (D:6)
  A manticore (D:11)
  A cyclops (D:11)
  A komodo dragon (D:11)
  2 trolls
  A hornet (D:11)
  A spriggan (D:8)
  A wyvern (D:9)
  20 yaks
  A basilisk (D:9)
  4 vampire mosquitoes (D:11)
  An acid dragon (D:7)
  3 water moccasins
  6 orc warriors
  2 ice beasts
  A sky beast (D:5)
  4 black bears
  4 ogres
  3 centaurs
  A kobold brigand (D:7)
  A bullfrog (D:7)
  A gnoll sergeant (D:5)
  A necrophage (D:6)
  4 scorpions
  8 wights
  16 killer bees
  A howler monkey (D:7)
  2 jellies
  11 orc priests
  A gnoll shaman (D:7)
  4 hounds
  Ijyb (D:5)
  Terence (D:3)
  2 iguanas
  5 orc wizards
  11 gnolls
  5 adders
  A shadow imp (D:5)
  3 white imps
  2 ufetubi
  A dart slug (D:1)
  2 worms (D:3)
  51 orcs
  5 ball pythons
  6 endoplasms
  7 giant cockroaches
  12 goblins
  7 hobgoblins
  3 jackals (D:2)
  3 quokkas
  9 bats
  4 frilled lizards
  12 kobolds
  2 rats
266 creatures vanquished.

Vanquished Creatures (others)
  A kobold (D:3)
1 creature vanquished.

Grand Total: 267 creatures vanquished

Table legend:
 A = Non-vault XP
 B = Vault XP
 C = Vault XP percentage of total XP
 D = Non-vault monster count
 E = Vault monster count
 F = Vault count percentage of total count
                 A         B        C        D         E       F
            +---------+---------+-------+---------+---------+-------
      Total |   12433 |    5506 |  30.7 |     225 |      41 |  15.4
            +---------+---------+-------+---------+---------+-------
        D:1 |      48 |       0 |   0.0 |      28 |       0 |   0.0
        D:2 |     129 |      15 |  10.4 |      19 |       2 |   9.5
        D:3 |     374 |      45 |  10.7 |      23 |       4 |  14.8
        D:4 |     568 |       0 |   0.0 |      22 |       0 |   0.0
        D:5 |    2204 |      38 |   1.7 |      27 |       1 |   3.6
        D:6 |     187 |     673 |  78.3 |       8 |       1 |  11.1
        D:7 |    1208 |     234 |  16.2 |      25 |       2 |   7.4
        D:8 |     994 |     229 |  18.7 |      21 |       1 |   4.5
        D:9 |    1097 |    1029 |  48.4 |      14 |      26 |  65.0
       D:10 |    1969 |    1580 |  44.5 |      13 |       1 |   7.1
       D:11 |    3655 |    1663 |  31.3 |      25 |       3 |  10.7
            +---------+---------+-------+---------+---------+-------

Illustrated notes

Table legend:
 A = Kills in this place as a percentage of kills in entire the game.
 B = Kills by you in this place as a percentage of kills by you in the entire game.
 C = Kills by friends in this place as a percentage of kills by friends in the entire game.
 D = Other kills in this place as a percentage of other kills in the entire game.
 E = Experience gained in this place as a percentage of experience gained in the entire game.
 F = Experience gained in this place divided by the number of levels of this place that you have seen.
                   A       B       C       D       E      F
               +-------+-------+-------+-------+-------+----------------------
         Total | 100.0 | 100.0 |   N/A |   N/A | 100.0 | 1630.8
       Dungeon | 100.0 | 100.0 |   N/A |   N/A | 100.0 | 1630.8
               +-------+-------+-------+-------+-------+----------------------

Table legend: (Time is in decaauts)
 A = Elapsed time spent in this place.
 B = Non-inter-level travel time spent in this place.
 C = Inter-level travel time spent in this place.
 D = Time resting spent in this place.
 E = Time spent auto-exploring this place.
 F = Levels seen in this place.
 G = Mean time per level.
                   A        B        C        D        E       F      G
               +--------+--------+--------+--------+--------+-----+--------+
         Total |  13953 |  13077 |    876 |   1558 |   9688 |  11 | 1268.5 |
       Dungeon |  13953 |  13077 |    876 |   1558 |   9688 |  11 | 1268.5 |
               +--------+--------+--------+--------+--------+-----+--------+

Top non-repeatable levels by time:
     D:5: 1849 daAuts
     D:2: 1831 daAuts
     D:3: 1552 daAuts
     D:4: 1384 daAuts
     D:8: 1317 daAuts
     D:1: 1303 daAuts
    D:10: 1249 daAuts
     D:7: 1035 daAuts
    D:11: 889 daAuts
     D:9: 786 daAuts
     D:6: 754 daAuts
